 Dungeon Crawl Stone Soup version 0.26-a0-752-gcff87cac9a (webtiles) character file.

Game seed: 8004477561262964155

49 Antenora the Skirmisher (level 3, 0/30 HPs)
             Began as a Demonspawn Abyssal Knight on Nov 6, 2020.
             Was a Follower of Lugonu.
             Succumbed to an adder's poison
             ... on level 2 of the Dungeon.
             The game lasted 00:05:08 (976 turns).

Antenora the Skirmisher (Demonspawn Abyssal Knight)  Turns: 976, Time: 00:05:08

Health: 0/30       AC:  3    Str: 13    XL:     3   Next: 51%
Magic:  3/5        EV: 11    Int: 13    God:    Lugonu [*.....]
Gold:   45         SH:  0    Dex: 12    Spells: 2/2 levels left

rFire    . . .     SeeInvis .   a - +2 falchion
rCold    . . .     Faith    .   (no shield)
rNeg     . . .     Spirit   +   b - +0 leather armour
rPois    .         Reflect  .   (no helmet)
rElec    .         Harm     .   (no cloak)
rCorr    .         Rampage  .   (no gloves)
MR       .....                  (no boots)
Stlth    +.........             (no amulet)
HPRegen  0.10/turn              (no ring)
MPRegen  0.09/turn              (no ring)

@: lethally poisoned (0 -> -3)
A: magic shield
a: Depart the Abyss, Renounce Religion


You were on level 2 of the Dungeon.
You worshipped Lugonu.
Lugonu was aware of your devotion.
You visited 1 branch of the dungeon, and saw 2 of its levels.
You visited the Abyss 1 time.

You collected 45 gold pieces.

Inventory:

Hand Weapons
 a - a +2 falchion (weapon)
Armour
 b - a +0 leather armour (worn)
Wands
 d - a wand of random effects (29)
Scrolls
 c - a scroll of enchant weapon
Potions
 e - a potion of haste


   Skills:
 + Level 3.7 Fighting
 + Level 2.0 Long Blades
 + Level 2.1 Armour
 + Level 1.1 Dodging
 * Level 3.2 Invocations


You had 2 spell levels left.
You didn't know any spells.
Your spell library was empty.

Dungeon Overview and Level Annotations

Branches:
Dungeon (2/15)

Altars:


Innate Abilities, Weirdness & Mutations

When hurt, damage is shared between your health and your magic reserves.


Message History

The adder is almost dead.
The adder bites you.
* * * LOW HITPOINT WARNING * * *
You are lethally poisoned!
The adder poisons you! The adder bites you.
* * * LOW HITPOINT WARNING * * *
You slash the adder!
You kill the adder!
Lugonu accepts your kill.
* * * LOW HITPOINT WARNING * * *
You feel sick.
Aiming: Random Effects
Press: ? - help, Shift-Dir - straight line, f - you
Okay, then.
There is a lethal amount of poison in your body!
There is a lethal amount of poison in your body!
* * * LOW HITPOINT WARNING * * *
You feel sick.
You see here a ring mail.
You die...

......#.>...##.# ##...
.............#.# ##.
$..............# #.
............#..### #
............#....#### #
....................# ##
##.....#!#>........#######.
#..#.#$#.######..........#.
#.......@# #............
#..)....[# #....††....#.
#........#####.........#.
.............)............##
....#........#####<........#
....########.#####.........#
... ##...................# .
####........>...#########
.................#


There were no monsters in sight!

Vanquished Creatures
  2 adders (D:2)
  A leopard gecko (D:2)
  A ball python (D:2)
  2 bats (D:1)
  2 giant cockroaches (D:1)
  5 hobgoblins
  A quokka (D:2)
  4 frilled lizards
  2 goblins
  5 kobolds
  6 rats (D:1)
31 creatures vanquished.

Notes
Turn   | Place    | Note
-------+----------+-------------------------------------------
     0 | Abyss:1  | Antenora the Demonspawn Abyssal Knight began the quest for
                  | the Orb.
     0 | Abyss:1  | Reached XP level 1. HP: 18/18 MP: 2/2
    43 | D:1      | Escaped the Abyss
   139 | D:1      | Reached * piety under Lugonu
   146 | D:1      | Gained mutation: When hurt, damage is shared between your
                  | health and your magic reserves. [demonic ancestry]
   146 | D:1      | Reached XP level 2. HP: 16/24 MP: 3/3
   153 | D:1      | Reached skill level 1 in Dodging
   842 | D:2      | Reached XP level 3. HP: 21/29 MP: 1/5
   973 | D:2      | HP: 1/30 [poisoned by an adder]
   976 | D:2      | Succumbed to an adder's poison

Illustrated notes

Levels and vault maps discovered:
D:1:      onia_arrival_handbag, layout_basic
D:2:      layout_rooms

Skill      XL: |  1  2 |
---------------+-------+-----
Armour         | 2 |  2.1
Dodging        | 1 |  1.1
Long Blades    | 2 |  2.0
Invocations    | 3 |  3.2
Fighting       | |  3.7

Action                   || total
-------------------------++-------
Melee: Falchion          ||    75
Invok: Depart the Abyss  ||     1
  Use: Scroll            ||     3
       Potion            ||     1
Armor: Leather armour    ||    23
Dodge: Dodged            ||    54
       Rpst.: Falchion   ||    22

Table legend: (Time is in decaauts)
 A = Elapsed time spent in this place.
 B = Non-inter-level travel time spent in this place.
 C = Inter-level travel time spent in this place.
 D = Time resting spent in this place.
 E = Time spent auto-exploring this place.
 F = Levels seen in this place.
 G = Mean time per level.
                   A        B        C        D        E       F      G
               +--------+--------+--------+--------+--------+-----+--------+
         Total |    992 |    992 |      0 |      0 |      0 |   3 |  330.7 |
       Dungeon |    948 |    948 |      0 |      0 |      0 |   2 |  474.0 |
         Abyss |     44 |     44 |      0 |      0 |      0 |   1 |   44.0 |
               +--------+--------+--------+--------+--------+-----+--------+

Top non-repeatable levels by time:
     D:1: 726 daAuts
     D:2: 221 daAuts
 Abyss:1: 44 daAuts
